PBL
DETROIT RED WINGS @ WINNIPEG GOLDEYES
10/08/2047
 
TOP OF THE 1ST
Brockton Rox batting - Pitching for Niagara Falls Phantoms : RHP Jason Greene
Pitching: RHP Jason Greene
Batting: RHB Dustin English 0-0: Ball
1-0: Ball
2-0: Ball
3-0: Base on Balls
Batting: RHB Gustavo Pacheco 0-0: Called Strike
0-1: Ball
1-1: Foul Ball, location: 2F
1-2: Ball
2-2: Fielders Choice at 2nd, 4-6 (Groundball, 4M, EV 91.3 MPH)
Batting: RHB Kevin Webb 0-0: Swinging Strike
0-1: Ball
1-1: Ball
2-1: Called Strike
2-2: Ball
3-2: Foul Ball, location: 2F
3-2: Strikes out looking
Batting: SHB Mike Paredes 0-0: Called Strike
0-1: Ground out 4-3 (Groundball, 4, EV 92.5 MPH)
Top of the 1st over - 0 runs, 0 hits, 0 errors, 1 left on base; Brockton 0 - Niagara Falls 0
BOTTOM OF THE 1ST
Niagara Falls Phantoms batting - Pitching for Brockton Rox : RHP Mike Cartwright
Pitching: RHP Mike Cartwright
Batting: RHB Travis Jackson 0-0: Fly out, F8 (Flyball, 78S, EV 74.4 MPH)
Batting: LHB Kazuyoshi Nakamura 0-0: Ball
1-0: Ball
2-0: Ball
3-0: Base on Balls
Batting: LHB Miguel Aquino 0-0: Ball
1-0: Ball
2-0: Foul Ball, location: 2F
2-1: Ball
3-1: Foul Ball, location: 2F
3-2: Foul Ball, location: 2F
3-2: Foul Ball, location: 2F
3-2: Ground out 5-3 (Groundball, 56, EV 79.4 MPH)
Kazuyoshi Nakamura to second
Batting: RHB Frank Granado 0-0: Ball
1-0: Ball
2-0: Ball
3-0: Called Strike
3-1: Called Strike
3-2: Foul Ball, location: 2F
3-2: Base on Balls
Batting: LHB Edgar Olmeda 0-0: Called Strike
0-1: Fly out, F8 (Flyball, 8LM, EV 93.1 MPH)
Bottom of the 1st over - 0 runs, 0 hits, 0 errors, 2 left on base; Brockton 0 - Niagara Falls 0
TOP OF THE 2ND
Brockton Rox batting - Pitching for Niagara Falls Phantoms : RHP Jason Greene
Batting: RHB Juan Fuentes 0-0: Ball
1-0: Ball
2-0: Called Strike
2-1: Called Strike
2-2: Ball
3-2: Ground out 5-3 (Groundball, 56, EV 105.0 MPH)
Batting: LHB Ryan DeLay 0-0: Ball
1-0: Ball
2-0: Ball
3-0: Base on Balls
Batting: RHB Jon Nasti 0-0: Called Strike
0-1: Called Strike
0-2: Strikes out swinging
Batting: RHB Matt Harding 0-0: Ball
1-0: SINGLE (Groundball, 56D, EV 97.5 MPH)
Ryan DeLay to second
Batting: RHB Sterling Acosta 0-0: Foul Ball, location: 2F
0-1: Fly out, F7 (Flyball, 7LS, EV 76.9 MPH)
Top of the 2nd over - 0 runs, 1 hit, 0 errors, 2 left on base; Brockton 0 - Niagara Falls 0
BOTTOM OF THE 2ND
Niagara Falls Phantoms batting - Pitching for Brockton Rox : RHP Mike Cartwright
Batting: SHB John Giesbrecht 0-0: Swinging Strike
0-1: Ball
1-1: Ball
2-1: Called Strike
2-2: Strikes out swinging
Batting: RHB Jordan Mejias 0-0: Called Strike
0-1: Ball
1-1: Ball
2-1: SINGLE (Groundball, 34D, EV 102.5 MPH)
Batting: LHB Alejandro Soriano 0-0: Called Strike
0-1: Swinging Strike
0-2: Ball
1-2: Ball
2-2: Ball
3-2: Base on Balls
Jordan Mejias to second
Batting: RHB Geni Prawiranega 0-0: Ball
1-0: Swinging Strike
1-1: Foul Ball, location: 2F
1-2: SINGLE (Groundball, 6S, EV 63.8 MPH) (infield hit)
Jordan Mejias to third
Alejandro Soriano to second
Batting: RHB Travis Jackson 0-0: Ball
1-0: Swinging Strike
1-1: Fly out, F4 (Popup, 4D, EV 67.5 MPH)
Batting: LHB Kazuyoshi Nakamura 0-0: Ball
1-0: Ball
2-0: Foul Ball, location: 2F
2-1: Ball
3-1: Base on Balls
Jordan Mejias scores
Alejandro Soriano to third
Geni Prawiranega to second
Batting: LHB Miguel Aquino 0-0: SINGLE (Groundball, 34D, EV 94.4 MPH)
Alejandro Soriano scores
Geni Prawiranega to third
Kazuyoshi Nakamura to second
Runner from 3rd tries for Home, SAFE, throw by RF to home
Batting: RHB Frank Granado 0-0: Foul Ball, location: 2F
0-1: Ball
1-1: Ball
2-1: Called Strike
2-2: Foul Ball, location: 2F
2-2: Ball
3-2: Base on Balls
Kazuyoshi Nakamura to third
Miguel Aquino to second
Batting: LHB Edgar Olmeda 0-0: Ball
1-0: Foul Ball, location: 2F
1-1: Foul Ball, location: 2F
1-2: Foul Ball, location: 2F
1-2: Ball
2-2: Ball
3-2: GRAND SLAM HOME RUN (Flyball, 89XD, EV 109.4 MPH), Distance : 402 ft
Batting: SHB John Giesbrecht 0-0: Called Strike
0-1: Foul Ball, location: 2F
0-2: Ball
1-2: Ground out 4-3 (Groundball, 4, EV 86.9 MPH)
Bottom of the 2nd over - 7 runs, 4 hits, 0 errors, 0 left on base; Brockton 0 - Niagara Falls 7
TOP OF THE 3RD
Brockton Rox batting - Pitching for Niagara Falls Phantoms : RHP Jason Greene
Batting: RHB Dustin English 0-0: Foul Ball, location: 2F
0-1: Fly out, F8 (Line Drive, 8RM, EV 90.0 MPH)
Batting: RHB Gustavo Pacheco 0-0: Swinging Strike
0-1: Foul Ball, location: 2F
0-2: Ball
1-2: Strikes out swinging
Batting: RHB Kevin Webb 0-0: Swinging Strike
0-1: Foul Ball, location: 2F
0-2: Ball
1-2: SINGLE (Groundball, 56D, EV 99.4 MPH)
Batting: SHB Mike Paredes 0-0: Foul Ball, location: 2F
0-1: Ball
1-1: Ball
2-1: Foul Ball, location: 2F
2-2: Strikes out swinging
Top of the 3rd over - 0 runs, 1 hit, 0 errors, 1 left on base; Brockton 0 - Niagara Falls 7
BOTTOM OF THE 3RD
Niagara Falls Phantoms batting - Pitching for Brockton Rox : RHP Mike Cartwright
Batting: RHB Jordan Mejias 0-0: Ball
1-0: Ball
2-0: Swinging Strike
2-1: Ball
3-1: Swinging Strike
3-2: DOUBLE (Line Drive, 89D, EV 108.8 MPH)
Pitching: RHP Felipe Reta
Batting: LHB Alejandro Soriano 0-0: Ball
1-0: Called Strike
1-1: Foul Ball, location: 2F
1-2: Fly out, F7 (Flyball, 7S, EV 88.1 MPH)
Batting: RHB Geni Prawiranega 0-0: Ball
1-0: Ball
2-0: Called Strike
2-1: Fly out, F7 (Flyball, 7LS, EV 88.1 MPH)
Batting: RHB Travis Jackson 0-0: Ball
1-0: Ball
2-0: Ball
3-0: Called Strike
3-1: Called Strike
3-2: Ground out 4-3 (Groundball, 4, EV 92.5 MPH)
Bottom of the 3rd over - 0 runs, 1 hit, 0 errors, 1 left on base; Brockton 0 - Niagara Falls 7
TOP OF THE 4TH
Brockton Rox batting - Pitching for Niagara Falls Phantoms : RHP Jason Greene
Batting: RHB Juan Fuentes 0-0: Called Strike
0-1: Swinging Strike
0-2: Ball
1-2: SINGLE (Groundball, 34D, EV 105.0 MPH)
Batting: LHB Ryan DeLay 0-0: Foul Ball, location: 2F
0-1: Called Strike
0-2: Ball
1-2: Fielders Choice at 2nd, 4-6 (Groundball, 34D, EV 94.4 MPH)
Batting: RHB Jon Nasti 0-0: Ball
1-0: Ball
2-0: Ball
3-0: Base on Balls
Ryan DeLay to second
Batting: RHB Matt Harding 0-0: Foul Ball, location: 2F
0-1: Foul Ball, location: 2F
0-2: SINGLE (Line Drive, 6MD, EV 99.4 MPH)
Ryan DeLay to third
Jon Nasti to second
Runner from 3rd tries for Home, SAFE, throw by CF to home
Batting: RHB Sterling Acosta 0-0: Called Strike
0-1: Swinging Strike
0-2: Foul Ball, location: 2F
0-2: Ball
1-2: Foul Ball, location: 2F
1-2: Strikes out swinging
Batting: RHB Dustin English 0-0: Called Strike
0-1: Foul Ball, location: 2F
0-2: Ball
1-2: Strikes out swinging
Top of the 4th over - 1 run, 2 hits, 0 errors, 2 left on base; Brockton 1 - Niagara Falls 7
BOTTOM OF THE 4TH
Niagara Falls Phantoms batting - Pitching for Brockton Rox : RHP Felipe Reta
Batting: LHB Kazuyoshi Nakamura 0-0: Called Strike
0-1: Swinging Strike
0-2: Ball
1-2: SINGLE (Line Drive, 34D, EV 100.6 MPH)
Batting: LHB Miguel Aquino 0-0: Fly out, F8 (Flyball, 89XD, EV 102.5 MPH)
Batting: RHB Frank Granado 0-0: Foul Ball, location: 2F
0-1: Foul Ball, location: 2F
0-2: Foul Ball, location: 2F
0-2: SINGLE (Line Drive, 4M, EV 102.5 MPH)
Kazuyoshi Nakamura to second
Batting: LHB Edgar Olmeda 0-0: Ball
1-0: Swinging Strike
1-1: Ball
2-1: Ball
3-1: Swinging Strike
3-2: SINGLE (Groundball, 34D, EV 103.1 MPH)
Kazuyoshi Nakamura to third
Frank Granado to second
Runner from 3rd tries for Home, throw by RF and OUT! 9-2
Batting: SHB John Giesbrecht 0-0: Called Strike
0-1: Ball
1-1: Swinging Strike
1-2: Ground out 4-3 (Groundball, 4, EV 99.4 MPH)
Bottom of the 4th over - 0 runs, 3 hits, 0 errors, 2 left on base; Brockton 1 - Niagara Falls 7
TOP OF THE 5TH
Brockton Rox batting - Pitching for Niagara Falls Phantoms : RHP Jason Greene
Batting: RHB Gustavo Pacheco 0-0: Ball
1-0: Foul Ball, location: 2F
1-1: Foul Ball, location: 2F
1-2: Strikes out swinging
Batting: RHB Kevin Webb 0-0: Called Strike
0-1: Called Strike
0-2: Ball
1-2: Ball
2-2: Foul Ball, location: 2F
2-2: Strikes out looking
Batting: SHB Mike Paredes 0-0: Swinging Strike
0-1: Foul Ball, location: 2F
0-2: Strikes out swinging
Top of the 5th over - 0 runs, 0 hits, 0 errors, 0 left on base; Brockton 1 - Niagara Falls 7
BOTTOM OF THE 5TH
Niagara Falls Phantoms batting - Pitching for Brockton Rox : RHP Felipe Reta
Batting: RHB Jordan Mejias 0-0: Ball
1-0: Fly out, F7 (Flyball, 7D, EV 94.4 MPH)
Batting: LHB Alejandro Soriano 0-0: Ball
1-0: Ball
2-0: Swinging Strike
2-1: Ball
3-1: Foul Ball, location: 2F
3-2: Foul Ball, location: 2F
3-2: Fly out, F6 (Popup, 6MD, EV 51.9 MPH)
Batting: RHB Geni Prawiranega 0-0: Ball
1-0: Called Strike
1-1: Foul Ball, location: 2F
1-2: Ball
2-2: Ball
3-2: Foul Ball, location: 2F
3-2: Foul Ball, location: 2F
3-2: Foul Ball, location: 2F
3-2: Foul Ball, location: 2F
3-2: Base on Balls
Batting: RHB Travis Jackson 0-0: Ball
1-0: Foul Ball, location: 2F
1-1: Ball
2-1: Foul Ball, location: 2F
2-2: Foul Ball, location: 2F
2-2: Ball
3-2: SINGLE (Groundball, 3, EV 110.0 MPH) (infield hit)
Geni Prawiranega to second
Batting: LHB Kazuyoshi Nakamura 0-0: Ball
1-0: Called Strike
1-1: Foul Ball, location: 2F
1-2: Ball
2-2: Foul Ball, location: 2F
2-2: Ball
3-2: SINGLE (Groundball, 3D, EV 99.4 MPH)
Geni Prawiranega to third
Travis Jackson to second
Geni Prawiranega scores
Travis Jackson to third
Pitching: RHP Nate Borns
Batting: LHB Miguel Aquino 0-0: Ball
1-0: Fly out, F9 (Flyball, 89S, EV 93.8 MPH)
Bottom of the 5th over - 1 run, 2 hits, 0 errors, 2 left on base; Brockton 1 - Niagara Falls 8
TOP OF THE 6TH
Brockton Rox batting - Pitching for Niagara Falls Phantoms : RHP Jason Greene
Pitching: RHP Mark Berberian
Batting: RHB Juan Fuentes 0-0: Called Strike
0-1: Ground out 4-3 (Groundball, 34D, EV 106.9 MPH)
Batting: LHB Ryan DeLay 0-0: Called Strike
0-1: Foul Ball, location: 2F
0-2: Ball
1-2: Ball
2-2: Ground out 6-3 (Groundball, 6M, EV 102.5 MPH)
Batting: RHB Jon Nasti 0-0: Called Strike
0-1: Ball
1-1: Swinging Strike
1-2: Strikes out swinging
Top of the 6th over - 0 runs, 0 hits, 0 errors, 0 left on base; Brockton 1 - Niagara Falls 8
BOTTOM OF THE 6TH
Niagara Falls Phantoms batting - Pitching for Brockton Rox : RHP Nate Borns
Batting: RHB Frank Granado 0-0: Ball
1-0: Swinging Strike
1-1: Ball
2-1: SINGLE (Groundball, 56S, EV 73.1 MPH) (infield hit)
Batting: LHB Edgar Olmeda 0-0: Ball
1-0: Foul Ball, location: 2F
1-1: Fly out, F7 (Flyball, 78D, EV 97.5 MPH)
Batting: SHB John Giesbrecht 0-0: Ball
1-0: Foul Ball, location: 2F
1-1: Foul Ball, location: 2F
1-2: Hit by Pitch
Frank Granado to second
Batting: RHB Jordan Mejias 0-0: Ball
1-0: Ball
2-0: Ball
3-0: Called Strike
3-1: SINGLE (Flyball, 9LS, EV 99.4 MPH)
Frank Granado to third
John Giesbrecht to second
Runner from 3rd tries for Home, SAFE, throw by RF to home
Batting: LHB Alejandro Soriano 0-0: Called Strike
0-1: Ball
1-1: Foul Ball, location: 2F
1-2: DOUBLE (Flyball, 89D, EV 101.3 MPH)
John Giesbrecht scores
Jordan Mejias to third
Batting: RHB Geni Prawiranega 0-0: Ball
1-0: Foul Ball, location: 2F
1-1: Ball
2-1: Ball
3-1: Called Strike
3-2: Base on Balls
Batting: RHB Travis Jackson 0-0: Ball
1-0: Ball
2-0: Ball
3-0: Base on Balls
Jordan Mejias scores
Alejandro Soriano to third
Geni Prawiranega to second
Batting: LHB Kazuyoshi Nakamura 0-0: Called Strike
0-1: Swinging Strike
0-2: Ball
1-2: Fly out, F9 (Line Drive, 9, EV 91.9 MPH)
Runner from 3rd tags up, OUT at HOME! 9-2
Bottom of the 6th over - 3 runs, 3 hits, 0 errors, 2 left on base; Brockton 1 - Niagara Falls 11
TOP OF THE 7TH
Brockton Rox batting - Pitching for Niagara Falls Phantoms : RHP Mark Berberian
Batting: RHB Matt Harding 0-0: Ball
1-0: Swinging Strike
1-1: Foul Ball, location: 2F
1-2: Strikes out swinging
Batting: RHB Sterling Acosta 0-0: Foul Ball, location: 2F
0-1: Ball
1-1: Swinging Strike
1-2: Foul Ball, location: 2F
1-2: Ball
2-2: Strikes out swinging
Batting: RHB Dustin English 0-0: Ball
1-0: Called Strike
1-1: Foul Ball, location: 2F
1-2: Strikes out swinging
Top of the 7th over - 0 runs, 0 hits, 0 errors, 0 left on base; Brockton 1 - Niagara Falls 11
BOTTOM OF THE 7TH
Niagara Falls Phantoms batting - Pitching for Brockton Rox : RHP Nate Borns
Pinch Hitting: RHB Tom De Jong 0-0: Ball
1-0: Ground out 6-3 (Groundball, 6, EV 87.5 MPH)
Pinch Hitting: RHB Cássio Farto 0-0: Foul Ball, location: 2F
0-1: Foul Ball, location: 2F
0-2: DOUBLE (Flyball, 8RXD, EV 106.3 MPH)
Pinch Hitting: LHB Graeme Sparrow 0-0: Ball
1-0: Ball
2-0: Called Strike
2-1: Ball
3-1: Called Strike
3-2: Foul Ball, location: 2F
3-2: Foul Ball, location: 2F
3-2: Ground out U3 (Groundball, 34, EV 99.4 MPH)
Cássio Farto to third
Pitching: RHP Mike Albrecht
Batting: SHB John Giesbrecht 0-0: Fly out, F1 (Line Drive, P, EV 64.4 MPH)
Bottom of the 7th over - 0 runs, 1 hit, 0 errors, 1 left on base; Brockton 1 - Niagara Falls 11
TOP OF THE 8TH
Brockton Rox batting - Pitching for Niagara Falls Phantoms : RHP Mark Berberian
Now at 2B: Tom De Jong
Now at 3B: Cássio Farto
Now in RF: Graeme Sparrow
Batting: RHB Gustavo Pacheco 0-0: Ground out 6-3 (Groundball, 56, EV 81.3 MPH)
Pinch Hitting: LHB Chris Yontz 0-0: Ball
1-0: Ball
2-0: Called Strike
2-1: Ball
3-1: Base on Balls
Batting: SHB Mike Paredes 0-0: Ball
1-0: Called Strike
1-1: Foul Ball, location: 2F
1-2: SINGLE (Line Drive, 8LS, EV 94.4 MPH)
Chris Yontz to second
Pitching: RHP Katsuyoshi Yoshikawa
Batting: RHB Juan Fuentes 0-0: Called Strike
0-1: Foul Ball, location: 2F
0-2: Ball
1-2: Foul Ball, location: 2F
1-2: Ball
2-2: Strikes out swinging
Batting: LHB Ryan DeLay 0-0: Ball
1-0: Ground out 4-3 (Groundball, 4S, EV 64.4 MPH)
Top of the 8th over - 0 runs, 1 hit, 0 errors, 2 left on base; Brockton 1 - Niagara Falls 11
BOTTOM OF THE 8TH
Niagara Falls Phantoms batting - Pitching for Brockton Rox : RHP Mike Albrecht
Now in RF: Chris Yontz
Batting: RHB Jordan Mejias 0-0: Called Strike
0-1: Ground out 6-3 (Groundball, 56, EV 85.0 MPH)
Batting: LHB Alejandro Soriano 0-0: Ball
1-0: Fly out, F4 (Line Drive, 4, EV 67.5 MPH)
Batting: RHB Geni Prawiranega 0-0: Ball
1-0: Ball
2-0: Ball
3-0: Called Strike
3-1: Ground out 4-3 (Groundball, 4M, EV 107.5 MPH)
Bottom of the 8th over - 0 runs, 0 hits, 0 errors, 0 left on base; Brockton 1 - Niagara Falls 11
TOP OF THE 9TH
Brockton Rox batting - Pitching for Niagara Falls Phantoms : RHP Katsuyoshi Yoshikawa
Batting: RHB Jon Nasti 0-0: Called Strike
0-1: Foul Ball, location: 2F
0-2: Ball
1-2: Strikes out swinging
Batting: RHB Matt Harding 0-0: Ball
1-0: Called Strike
1-1: Called Strike
1-2: Strikes out swinging
Batting: RHB Sterling Acosta 0-0: Reached on error, E4 (Groundball, 4, EV 83.8 MPH)
Batting: RHB Dustin English 0-0: Ball
Balk!
Sterling Acosta to second
1-0: Ground out 4-3 (Groundball, 4, EV 87.5 MPH)
Top of the 9th over - 0 runs, 0 hits, 1 error, 1 left on base; Brockton 1 - Niagara Falls 11
Thursday, December 15th , 2022 - OOTP Baseball 23.9 Build 102